 Dungeon Crawl Stone Soup version 0.25-a0-665-ga69d64035b (webtiles) character file.

Game seed: 4198504387788303869, levelgen mode: deterministic

1621 kae the Destroyer (level 8, -4/41 HPs)
             Began as a Tengu Air Elementalist on Mar 26, 2020.
             Slain by a wight
             ... wielding a cursed +3 halberd of freezing
              (10 damage)
             ... on level 7 of the Dungeon.
             The game lasted 00:08:25 (9085 turns).

kae the Destroyer (Tengu Air Elementalist)          Turns: 9085, Time: 00:08:26

Health: -4/41      AC:  2    Str:  8    XL:     8   Next: 96%
Magic:  14/17      EV: 14    Int: 19    God:
Gold:   246        SH:  0    Dex: 14    Spells: 8/18 levels left

rFire    . . .     SeeInvis .   g - +2 dagger (speed)
rCold    . . .     Gourm    .   (no shield)
rNeg     . . .     Faith    .   a - +0 robe
rPois    .         Spirit   .   (helmet restricted)
rElec    .         Reflect  .   (no cloak)
rCorr    .         Harm     .   (no gloves)
MR       .....                  (boots unavailable)
Stlth    ++........             (no amulet)
HPRegen  0.13/turn              j - ring of wizardry
MPRegen  0.15/turn              (no ring)

@: flying quickly and evasively, drained, quick
A: beak, talons 3, able to fly
a: Stop Flying


You were on level 7 of the Dungeon.
You were not hungry.

You visited 1 branch of the dungeon, and saw 7 of its levels.
You also visited: Ossuary.

You collected 246 gold pieces.

Inventory:

Hand Weapons
 e - a +0 mace
 g - a +2 dagger of speed (weapon)
Armour
 a - a +0 robe (worn)
Jewellery
 i - a +5 ring of evasion
 j - a ring of wizardry (left hand)
 A - an uncursed ring of ice
 C - an uncursed ring of fire
Wands
 h - a wand of paralysis (10)
 l - a wand of acid (6)
 v - a wand of flame (39)
 w - a wand of disintegration (12)
Scrolls
 b - 2 scrolls of identify
 f - 2 scrolls of fear
 m - 4 scrolls of teleportation
 n - 2 scrolls of amnesia
 o - a scroll of magic mapping
 p - a scroll of blinking
 y - a scroll of enchant weapon
 z - a scroll of remove curse
Potions
 d - 3 potions of brilliance
 k - a potion of resistance
 q - a potion of stabbing
 r - a potion of cancellation
 s - 3 potions of curing
 t - 2 potions of magic
 u - a potion of lignification
 x - 2 potions of haste
 B - a potion of ambrosia
Comestibles
 c - 13 rations


   Skills:
 - Level 2.1(1.4) Dodging
 - Level 2.0(1.2) Stealth
 + Level 5.7(4.9) Spellcasting
 + Level 9.2(8.3) Conjurations
 + Level 8.8(7.9) Air Magic


You had 8 spell levels left.
You knew the following spells:

 Your Spells              Type           Power        Failure   Level  Hunger
a - Shock                 Conj/Air       ####         1%          1    None
b - Static Discharge      Conj/Air       #####...     1%          3    ##.....
c - Airstrike             Air            #####.....   1%          4    ####...
d - Swiftness             Chrm/Air       ###.....     1%          2    #......

Your spell library contained the following spells:

 Spells                   Type           Power        Failure   Level  Hunger
 Magic Dart               Conj           ####         1%          1    None
 Mephitic Cloud           Conj/Pois/Air  ####....     1%          3    ##.....
 Conjure Flame            Conj/Fire      ###.....     2%          3    ##.....
 Lightning Bolt           Conj/Air       #####.....   4%          5    ######.
 Blink                    Tloc           N/A          8%          2    #......
 Call Imp                 Summ           #.......     8%          2    #......
 Slow                     Hex            #.......     8%          2    #......


Dungeon Overview and Level Annotations

Branches:
Dungeon (7/15)             Temple (0/1) D:5         Ossuary (visited)

Altars:
Cheibriados
Fedhas
Makhleb
Nemelex Xobeh
Ru
Sif Muna
Wu Jian

Annotations:
D:5 1 runed translucent door, Crazy Yiuf


Innate Abilities, Weirdness & Mutations

You have a beak for a mouth.
You have claws for feet.
You can fly continuously.


Message History

Confirm with . or Enter, or press ? or * to list all spells.
Aiming: Shock (safe; 1% risk of failure)
Press: ? - help, Shift-Dir - straight line The zap hits the wight.
The wight is almost destroyed.
The wight hits you from afar with a +0 halberd!
* * * LOW HITPOINT WARNING * * *
You feel drained.
* * * LOW HITPOINT WARNING * * *
The wight barely misses you.
A quokka skeleton comes into view.
Okay, then.
You feel better. The wight misses you. The quokka skeleton bites you.
* * * LOW HITPOINT WARNING * * *
The quokka skeleton barely misses you.
All of the chunks of flesh in your inventory have rotted away.
There is a stone staircase leading up here.
The wight hits you from afar with a cursed +3 halberd of freezing!
You die...

#..# #..# #..#
#####..#
#....z.#
#.####.# ###
##.## #z#
.....###.Zz###.#
#.zz.z.@###.##.#
#.##....# #....#
#.##.# #.#### ..
.....## #.#
#.#.# # #.#. ..#
#.#


You could see 4 wights and a quokka skeleton.

Vanquished Creatures
  A wraith (Ossuary)
  An ice beast (D:6)
  A necrophage (D:5)
  A sky beast (D:6)
  2 centaurs
  An ogre (D:6)
  Blork the orc (D:4)
  2 scorpions
  A crimson imp (D:5)
  2 bullfrog zombies
  An orc priest (D:3)
  2 hounds (D:4)
  3 jellies (D:2)
  2 orc wizards
  A centaur skeleton (D:6)
  A bullfrog skeleton (D:5)
  Natasha (thrice) (D:3)
  A worker ant (D:4)
  A hound skeleton (D:4)
  A mummy (Ossuary)
  3 gnolls (D:5)
  3 howler monkey skeletons
  2 adders
  A shadow imp (D:5)
  9 oozes (D:2)
  An adder zombie (D:5)
  5 worms
  2 dart slugs
  A leopard gecko (D:6)
  20 orcs
  5 giant cockroaches
  7 goblins
  6 hobgoblins
  15 kobolds
  3 quokkas
  2 ball pythons
  7 bats
  2 frilled lizards
  3 gnoll skeletons (Ossuary)
  A jackal skeleton (D:4)
  9 kobold skeletons (Ossuary)
  13 orc skeletons (Ossuary)
  7 rats
156 creatures vanquished.

Vanquished Creatures (others)
  8 toadstools (D:2)
8 creatures vanquished.

Grand Total: 164 creatures vanquished

Notes
Turn   | Place    | Note
-------+----------+-------------------------------------------
     0 | D:1      | kae the Tengu Air Elementalist began the quest for the Orb.
     0 | D:1      | Reached XP level 1. HP: 10/10 MP: 4/4
   228 | D:1      | Reached skill level 2 in Conjurations
   261 | D:1      | Reached XP level 2. HP: 5/15 MP: 1/6
  1045 | D:1      | Found a sparkling altar of Nemelex Xobeh.
  1731 | D:2      | Reached XP level 3. HP: 11/19 MP: 0/7
  1865 | D:2      | Reached skill level 3 in Conjurations
  2387 | D:2      | Reached XP level 4. HP: 13/24 MP: 1/8
  2394 | D:2      | Reached skill level 4 in Conjurations
  2394 | D:2      | Reached skill level 5 in Air Magic
  2394 | D:2      | Gained mutation: You can fly continuously. [Tengu growth]
  2394 | D:2      | Reached XP level 5. HP: 28/28 MP: 1/10
  2586 | D:2      | Reached skill level 5 in Conjurations
  2947 | D:2      | Found a blossoming altar of Fedhas.
  3212 | D:3      | Noticed Natasha
  3218 | D:3      | Killed Natasha
  3314 | D:3      | Reached XP level 6. HP: 32/32 MP: 9/11
  3542 | D:3      | Noticed Natasha
  3745 | D:3      | Learned a level 3 spell: Static Discharge
  3750 | D:3      | Learned a level 4 spell: Airstrike
  3753 | D:3      | Learned a level 2 spell: Swiftness
  3894 | D:3      | Killed Natasha
  3914 | D:3      | Found a faded altar of an unknown god.
  3949 | D:3      | Noticed Natasha
  3993 | D:3      | Reached skill level 6 in Conjurations
  4429 | D:3      | Killed Natasha
  4452 | D:4      | Reached XP level 7. HP: 33/36 MP: 6/13
  4456 | D:4      | Found an ornate altar of the Wu Jian Council.
  4465 | D:4      | Found a snail-covered altar of Cheibriados.
  4466 | D:4      | Found a shimmering blue altar of Sif Muna.
  4608 | D:4      | Found a sand-covered staircase.
  4613 | Ossuary  | Entered an ossuary
  4613 | Ossuary  | Noticed a wraith
  4613 | Ossuary  | Noticed a wraith
  4613 | Ossuary  | Noticed a wraith
  4761 | Ossuary  | Noticed a wraith
  4790 | Ossuary  | Killed a wraith
  4790 | Ossuary  | Reached skill level 7 in Conjurations
  5872 | D:4      | Noticed Blork the orc
  5882 | D:4      | Killed Blork the orc
  6269 | D:4      | Found a sacrificial altar of Ru.
  6394 | D:4      | Found a burning altar of Makhleb.
  6460 | D:5      | Entered Level 5 of the Dungeon
  6590 | D:5      | Found a runed translucent door.
  6591 | D:5      | Noticed Crazy Yiuf
  6679 | D:5      | Reached XP level 8. HP: 41/41 MP: 8/16
  6744 | D:5      | Reached skill level 8 in Conjurations
  7023 | D:5      | Found a staircase to the Ecumenical Temple.
  7101 | D:5      | Reached skill level 5 in Spellcasting
  8276 | D:6      | Reached skill level 9 in Conjurations
  9085 | D:7      | Slain by a wight

Levels and vault maps discovered:
D:1:      psy_arrival_radial01, layout_basic, serial_forest,
          infiniplex_forest_clump_small, infiniplex_forest_straight_2,
          infiniplex_forest_lined_4_way, infiniplex_forest_clump_small,
          infiniplex_forest_lined_1, infiniplex_forest_zigzag_1,
          infiniplex_forest_straight_2, nemelex_diamond_rough_becter
D:2:      cheibrodos_fertilizer, layout_basic, first_ration,
          fedhas_altar_fruit_tree
D:3:      layout_rooms, chequers_ecumenical_altar_island, uniq_natasha
D:4:      layout_basic, old_standard_altar,
          chequers_temple_overflow_statue_of_worship, old_standard_altar,
          nicolae_ossuary_entry_false_entrances, st_stairs_14,
          uniq_blork_the_orc
D:5:      layout_loops_corners, minmay_temple_entry_grid,
          uniq_crazy_yiuf_cottage
D:6:      layout_basic
D:7:      layout_loops_ring, gammafunk_ghost_wrathful_warriors, the_bakery

Skill      XL: |  1  2  3  4  5  6  7  8 |
---------------+-------------------------+-----
Conjurations   | 2 3 4 5 6 7 9 |  9.2
Air Magic      | 5 6 7 8 |  8.8
Spellcasting   | 3 4 5 |  5.7
Dodging        | |  2.1
Stealth        | |  2.0

Action                   |  1- 3 |  4- 6 |  7- 9 || total
-------------------------+-------+-------+-------++-------
Melee: Unarmed           |     5 |       |       ||     5
       Mace              |     6 |       |       ||     6
       Kick              |     5 |     1 |    12 ||    18
       Dagger            |    23 |    19 |    65 ||   107
       Peck              |     3 |     2 |     6 ||    11
 Cast: Shock             |    75 |   127 |   157 ||   359
       Static Discharge  |       |     3 |    14 ||    17
       Airstrike         |       |       |     9 ||     9
 Abil: Fly               |       |     1 |       ||     1
  Use: Scroll            |     1 |     7 |    13 ||    21
       Potion            |       |     2 |     3 ||     5
 Stab: Sleeping          |     1 |       |     2 ||     3
  Eat: Chunk             |     4 |     4 |    10 ||    18
       Ration            |       |     1 |     2 ||     3
Armor: Robe              |     7 |     4 |     6 ||    17
       Skin              |       |       |     7 ||     7
Dodge: Dodged            |    32 |    21 |    69 ||   122

Table legend:
 A = Non-vault XP
 B = Vault XP
 C = Vault XP percentage of total XP
 D = Non-vault monster count
 E = Vault monster count
 F = Vault count percentage of total count
                 A         B        C        D         E       F
            +---------+---------+-------+---------+---------+-------
      Total |    1675 |     641 |  27.7 |     106 |      50 |  32.1
            +---------+---------+-------+---------+---------+-------
        D:1 |      20 |       0 |   0.0 |      13 |       0 |   0.0
        D:2 |      48 |     203 |  80.9 |      15 |      20 |  57.1
        D:3 |     302 |      37 |  10.9 |      34 |       1 |   2.9
        D:4 |     131 |     138 |  51.3 |      13 |       2 |  13.3
        D:5 |     577 |       0 |   0.0 |      21 |       0 |   0.0
        D:6 |     597 |       0 |   0.0 |      10 |       0 |   0.0
    Ossuary |       0 |     263 | 100.0 |       0 |      27 | 100.0
            +---------+---------+-------+---------+---------+-------
